 Dungeon Crawl Stone Soup version 0.27-a0-1319-geec4fb4e21 (webtiles) character file.

Game seed: 17599479951282261404

2498 Shayle the Covert (level 9, -2/68 HPs)
             Began as a Demonspawn Enchanter on June 22, 2021.
             Was an Initiate of Gozag.
             Slain by a gnoll (7 damage)
             ... while paralysed by a hornet
             ... on level 7 of the Dungeon.
             The game lasted 00:22:59 (10066 turns).

Shayle the Covert (Demonspawn Enchanter)           Turns: 10066, Time: 00:23:00

Health: -2/68      AC:  4    Str: 10    XL:     9   Next: 28%
Magic:  18/21      EV:  2    Int: 19    God:    Gozag
Gold:   294        SH:  0    Dex: 13    Spells: 6/12 levels left

rFire    + + .     SeeInvis .   d - +0 dagger (venom)
rCold    . . .     Faith    .   (no shield)
rNeg     . . .     Spirit   .   g - +2 robe {Archmagi}
rPois    .         Reflect  .   (helmet restricted)
rElec    .         Harm     .   (no cloak)
rCorr    .         Rampage  .   (no gloves)
Will     .....                  (no boots)
Stlth    ++++......             c - amulet "Xoshri Deroph" {Acrobat rF+}
HPRegen  0.21/turn              j - ring of magical power
MPRegen  0.17/turn              w - ring of protection from fire

@: paralysed, slowed
A: claws 1, hooves 2, horns 1, ignite blood 1, demonic magic 1
a: Renounce Religion, Potion Petition, Call Merchant, Bribe Branch


You were on level 7 of the Dungeon.
You worshipped Gozag.
Gozag was aware of your devotion.
You visited 2 branches of the dungeon, and saw 8 of its levels.

You collected 600 gold pieces.
You spent 240 gold pieces at shops.
You paid 66 gold pieces to Gozag.

Inventory:

Hand Weapons
 a - a +1 dagger
 d - a +0 dagger of venom (weapon)
Missiles
 h - 3 throwing nets
 i - 6 atropa-tipped darts
Armour
 b - a +0 robe
 g - a +2 robe of the Archmagi (worn)
Jewellery
 c - the amulet "Xoshri Deroph" (around neck) {Acrobat rF+}
   (You acquired it on level 2 of the Dungeon)

   [amulet of the acrobat]

   It increases your evasion while moving and waiting.
   It protects you from fire.
 j - a ring of magical power (left claw)
 w - a ring of protection from fire (right claw)
 x - a ring of protection from fire
Wands
 l - a wand of mindburst (10)
 v - a wand of charming (14)
Scrolls
 e - a scroll of fear {unknown}
 k - 4 scrolls of identify
 m - 2 scrolls of teleportation
 n - a scroll of immolation {unknown}
 p - a scroll of blinking {unknown}
 q - 2 scrolls of enchant armour {unknown}
 r - a scroll of magic mapping {unknown}
 t - 2 scrolls of enchant weapon {unknown}
Potions
 f - a potion of attraction
 o - a potion of brilliance {unknown}
 s - 5 potions of curing
 u - a potion of berserk rage {unknown}


   Skills:
 + Level 5.4 Fighting
 - Level 0.8 Short Blades
 + Level 5.4 Dodging
 * Level 8.5 Stealth
 - Level 2.0 Spellcasting
 - Level 3.0 Hexes
 + Level 4.8 Ice Magic


You had 6 spell levels left.
You knew the following spells:

 Your Spells              Type           Power      Damage    Failure   Level
a - Corona                Hex            21%        N/A       4%          1
b - Ensorcelled Hibernat  Hex/Ice        50%        N/A       5%          2
c - Confusing Touch       Hex            19%        N/A       14%         3

Your spell library contained the following spells:

 Spells                   Type           Power      Damage    Failure   Level
 Tukima's Dance           Hex            19%        N/A       14%         3
 Shock                    Conj/Air       8%         1d3       17%         1
 Static Discharge         Conj/Air       2%         N/A       26%         2
 Dazzling Flash           Conj/Hex       22%        N/A       26%         3
 Swiftness                Air            2%         N/A       45%         3
 Airstrike                Air            1%         N/A       86%         4
 Lightning Bolt           Conj/Air       1%         1d12      99%         5


Dungeon Overview and Level Annotations

Branches:
Dungeon (7/15)             Temple (1/1) D:5

Altars:
Ashenzari
Cheibriados
Dithmenos
Elyvilon
Fedhas
Gozag
Hepliaklqana
Kikubaaqudgha
Makhleb
Nemelex Xobeh
Okawaru
Qazlal
Ru
Sif Muna
Uskayaw
Vehumet
Wu Jian
Xom
Yredelemnul
Zin

Shops:
D:5 !

Annotations:
D:7 3 runed translucent doors


Innate Abilities, Weirdness & Mutations

You have sharp fingernails.
You have hoof-like feet.
You have a pair of small horns on your head.
Your demonic aura sometimes causes spilled blood to erupt in flames.
Spells you cast may paralyse adjacent enemies.


Message History

A gnoll comes into view. It is wielding a +0 whip.
The gnoll shaman calls upon its god to speed up the gnoll.
The gnoll seems to speed up.
The gnoll shouts!
Casting: Corona (safe; 4% risk of failure)
Confirm with . or Enter, or press ? or * to list all spells.
Aiming: Ensorcelled Hibernation (safe; 5% risk of failure)
Press: ? - help, Shift-Dir - straight line, f - gnoll
Aim: a gnoll, wielding a +0 whip (chance to affect: 63%)
You feel a surge of power!
The gnoll resists with significant effort.
Malevolent energies surge around you. The hornet closely misses you.
Unknown command.
Casting: Ensorcelled Hibernation (safe; 5% risk of failure)
Confirm with . or Enter, or press ? or * to list all spells.
Aiming: Ensorcelled Hibernation (safe; 5% risk of failure)
Press: ? - help, Shift-Dir - straight line, f - hornet, p - gnoll
Aim: a hornet (chance to affect: 46%)
You feel a surge of power!
The hornet looks drowsy...
Malevolent energies surge around you.
Unknown command.
The helpless hornet fails to defend itself.
You impale the hornet!! Your headbutt misses the hornet.
The hornet is almost dead.
The gnoll hits you with a +0 whip! The hornet stings you.
You suddenly lose the ability to move!
The gnoll hits you with a +0 whip. x2
The hornet stings you!
You feel yourself slow down.
You feel yourself speed up. The hornet stings you!
You feel yourself slow down. The hornet stings you!
You shrug off the repeated paralysis!
The gnoll hits you with a +0 whip!
* * * LOW HITPOINT WARNING * * *
The gnoll hits you but does no damage. The hornet stings you!
* * * LOW HITPOINT WARNING * * *
You feel as though you will be slow longer.
The gnoll hits you with a +0 whip.
* * * LOW HITPOINT WARNING * * *
The gnoll hits you with a +0 flail!
You die...
Your body crumbles into a pile of gold.

...##...##
.###...##
###.....###
##...##....##
............#
........#.### #
........### #>
#...#g°.#
.....###@gg###
.... #yg...#
.....###..$###
...g...g..##
....g...##.#
...............
....g......$...
.g...........###
..........####


You could see a hornet and 5 gnolls.

Vanquished Creatures
  Harold (D:7)
  Sigmund (D:3)
  A shadow (D:6)
  An ice beast (D:5)
  A black bear (D:6)
  5 ogres
  A necrophage (D:4)
  A phantom (D:6)
  A wyvern zombie (D:7)
  2 scorpions (D:5)
  A wyvern skeleton (D:7)
  A howler monkey (D:6)
  A bullfrog zombie (D:6)
  2 hounds (D:6)
  A bullfrog skeleton (D:6)
  2 iguanas
  Terence (D:3)
  A killer bee zombie (D:5)
  A howler monkey zombie (D:7)
  9 gnolls
  7 adders
  2 ufetubi (D:5)
  A dart slug (D:1)
  8 orcs
  9 endoplasms
  2 giant cockroaches
  7 goblins
  10 hobgoblins
  7 jackals
  3 kobolds (D:1)
  3 quokkas
  5 ball pythons
  3 bats
  3 frilled lizards
  6 rats
111 creatures vanquished.

Notes
Turn   | Place    | Note
-------+----------+-------------------------------------------
     0 | D:1      | Shayle the Demonspawn Enchanter began the quest for the
                  | Orb.
     0 | D:1      | Reached XP level 1. HP: 13/13 MP: 3/3
    68 | D:1      | Reached skill level 3 in Stealth
    73 | D:1      | Gained mutation: You have sharp fingernails. [demonic
                  | ancestry]
    73 | D:1      | Reached XP level 2. HP: 13/20 MP: 5/5
   941 | D:1      | Learned a level 2 spell: Ensorcelled Hibernation
  1132 | D:1      | Reached skill level 1 in Fighting
  1508 | D:1      | Gained mutation: Spells you cast may paralyse adjacent
                  | enemies. [demonic ancestry]
  1508 | D:1      | Reached XP level 3. HP: 21/26 MP: 6/6
  1759 | D:2      | You fall into a shaft and drop 1 floor!
  2057 | D:2      | Found a faded altar of an unknown god.
  2607 | D:2      | Gained mutation: You have large cloven feet. [demonic
                  | ancestry]
  2607 | D:2      | Reached XP level 4. HP: 32/32 MP: 4/7
  3004 | D:3      | Reached skill level 1 in Ice Magic
  3822 | D:2      | Reached skill level 4 in Stealth
  3976 | D:2      | Identified a scroll of acquirement
  3976 | D:2      | Acquired the amulet "Xoshri Deroph" {Acrobat rF+}
  4098 | D:3      | Noticed Terence
  4113 | D:3      | Killed Terence
  4114 | D:3      | Gained mutation: Your demonic aura sometimes causes spilled
                  | blood to erupt in flames. [demonic ancestry]
  4114 | D:3      | Reached XP level 5. HP: 36/38 MP: 5/8
  4183 | D:3      | Noticed Sigmund
  4220 | D:3      | Killed Sigmund
  4221 | D:3      | Gained mutation: You have hoof-like feet. [demonic
                  | ancestry]
  4221 | D:3      | Reached XP level 6. HP: 7/46 MP: 4/9
  5399 | D:4      | Found a hazy altar of Hepliaklqana.
  5710 | D:3      | Learned a level 3 spell: Confusing Touch
  5731 | D:4      | Reached skill level 5 in Stealth
  6405 | D:4      | Found a sacrificial altar of Ru.
  6405 | D:4      | Found a snail-covered altar of Cheibriados.
  6676 | D:5      | Entered Level 5 of the Dungeon
  6680 | D:5      | Found a staircase to the Ecumenical Temple.
  6689 | Temple   | Entered the Ecumenical Temple
  6698 | Temple   | Became a worshipper of Gozag Ym Sagoz the Greedy
  6766 | D:5      | Found a stormy altar of Qazlal.
  6768 | D:5      | Found a hazy altar of Hepliaklqana.
  6770 | D:5      | Found a radiant altar of Vehumet.
  6815 | D:5      | Found an iron altar of Okawaru.
  6867 | D:5      | Reached XP level 7. HP: 50/52 MP: 10/10
  7215 | D:5      | Reached skill level 6 in Stealth
  7678 | D:5      | Found Sexiytte's Distillery.
  7681 | D:5      | Bought a potion of curing for 36 gold pieces
  7681 | D:5      | Bought a potion of curing for 36 gold pieces
  7681 | D:5      | Bought a potion of heal wounds for 60 gold pieces
  7681 | D:5      | Bought 2 potions of curing for 72 gold pieces
  7681 | D:5      | Bought a potion of curing for 36 gold pieces
  7793 | D:5      | Found a burning altar of Makhleb.
  7827 | D:5      | Reached XP level 8. HP: 32/60 MP: 11/11
  8635 | D:6      | Reached skill level 7 in Stealth
  9586 | D:7      | Noticed Harold
  9613 | D:7      | Killed Harold
  9614 | D:7      | Reached skill level 5 in Fighting
  9614 | D:7      | Reached skill level 5 in Dodging
  9614 | D:7      | Reached skill level 8 in Stealth
  9614 | D:7      | Gained mutation: You have a pair of small horns on your
                  | head. [demonic ancestry]
  9614 | D:7      | Reached XP level 9. HP: 22/68 MP: 5/12
  9907 | D:7      | Found a runed translucent gate.
  9907 | D:7      | Found a runed translucent gate.
  9907 | D:7      | Found a runed translucent gate.
 10064 | D:7      | Paralysed by a hornet for 2 turns
 10066 | D:7      | Slain by a gnoll

Illustrated notes

Levels and vault maps discovered:
D:1:      amcnicky_arrival_feature_with_door, layout_loops_ring, minivault_23
D:2:      layout_basic, ebering_ecumenical_altar_webs,
          minmay_misc_feat_diagonals
D:3:      layout_loops_ring, uniq_sigmund, uniq_terence
D:4:      layout_cave_pools, gammafunk_temple_overflow_elements, serial_park,
          serial_park_fountain, serial_park_tiny_2, serial_park_tiny_pond,
          serial_park_gazebo [serial_park_minivault_5x5_4]
D:5:      lemuel_ice_spiral_2, layout_basic, lemuel_round_altar,
          minmay_overflow_temple_star_hex, minmay_temple_entry_drinking_statues,
          serial_shops, nicolae_shop_behind_doors, hangedman_minor_gate_pass
D:6:      layout_cave_pods, kennysheep_generic_room_11
D:7:      layout_cave_pools, amcnicky_altar_gilded, gammafunk_ghost_icy,
          grunt_ministairs_12, uniq_menkaure, uniq_harold
Temple:   nicolae_temple_no_exploring_needed

Skill      XL: |  1  2  3  4  5  6  7  8 |
---------------+-------------------------+-----
Dodging        | 2 3 4 5 |  5.4
Stealth        | 3 4 5 6 8 |  8.5
Fighting       | 1 2 3 5 |  5.4
Ice Magic      | 1 2 3 4 |  4.8
Short Blades   | |  0.8
Spellcasting   | |  2.0
Hexes          | |  3.0

Action                   |  1- 3 |  4- 6 |  7- 9 || total
-------------------------+-------+-------+-------++-------
Melee: Dagger            |   120 |   136 |   144 ||   400
       Kick              |       |    27 |    46 ||    73
       Headbutt          |       |       |     2 ||     2
 Cast: Ensorcelled Hiber |     6 |    31 |    18 ||    55
       Corona            |       |       |     6 ||     6
       Confusing Touch   |       |       |     5 ||     5
Evoke: Wand              |       |    11 |       ||    11
  Use: Potion            |     1 |     2 |     3 ||     6
       Scroll            |     1 |     5 |       ||     6
 Stab: Sleeping          |     9 |    18 |    14 ||    41
       Distracted        |     1 |       |       ||     1
       Paralysed         |     3 |     3 |    19 ||    25
       Confused          |       |       |     3 ||     3
Armor: Robe              |    16 |     9 |    22 ||    47
Dodge: Dodged            |    63 |   108 |    80 ||   251

Table legend: (Time is in decaauts)
 A = Elapsed time spent in this place.
 B = Non-inter-level travel time spent in this place.
 C = Inter-level travel time spent in this place.
 D = Time resting spent in this place.
 E = Time spent auto-exploring this place.
 F = Levels seen in this place.
 G = Mean time per level.
                   A        B        C        D        E       F      G
               +--------+--------+--------+--------+--------+-----+--------+
         Total |  10056 |   9597 |    459 |   2802 |   5052 |   8 | 1257.0 |
       Dungeon |  10038 |   9596 |    442 |   2802 |   5052 |   7 | 1434.0 |
        Temple |     18 |      1 |     17 |      0 |      0 |   1 |   18.0 |
               +--------+--------+--------+--------+--------+-----+--------+

Top non-repeatable levels by time:
     D:3: 2129 daAuts
     D:1: 1987 daAuts
     D:2: 1520 daAuts
     D:5: 1485 daAuts
     D:6: 1359 daAuts
     D:4: 1036 daAuts
     D:7: 519 daAuts
  Temple: 18 daAuts
